 Dungeon Crawl Stone Soup version 0.18-a0-888-gdb73dea (webtiles) character file.

38 dvd the Conjurer (level 3, -2/19 HPs)
             Began as a Deep Elf Conjurer on Dec 23, 2015.
             Slain by an adder (3 damage)
             ... on level 2 of the Dungeon.
             The game lasted 00:04:40 (1372 turns).

dvd the Conjurer (Deep Elf Conjurer)                Turns: 1372, Time: 00:04:40

Health: -2/19      AC:  2    Str:  5    XL:     3   Next: 25%
Magic:  0/9        EV: 13    Int: 20    God:
Gold:   136        SH:  0    Dex: 15    Spells: 3 memorised, 2 levels left

rFire  . . .     SeeInvis .     q - +0 dagger (venom)
rCold  . . .     Gourm    .     a - +0 robe
rNeg   . . .     Faith    .     (no shield)
rPois  .         Spirit   +     (no helmet)
rElec  .         Dismiss  .     (no cloak)
rCorr  .         Reflect  .     (no gloves)
SustAt .         Harm     .     (no boots)
MR     .....                    m - amulet of guardian spirit
Stlth  +++.......               (no ring)
                                k - ring of invisibility

@: lethally poisoned (-2 -> -9), flying, not resistant to hostile enchantments,
fairly stealthy
A: camouflage 1
a: Evoke Invisibility


You were on level 2 of the Dungeon.
You were not hungry.

You visited 1 branch of the dungeon, and saw 2 of its levels.

You collected 136 gold pieces.

Inventory:

Hand Weapons
 i - a +1 falchion of slicing
 n - a +1 dagger of flaming
 q - a +0 dagger of venom (weapon)
Armour
 a - a +0 robe (worn)
Jewellery
 k - a ring of invisibility (left hand)
 m - an amulet of guardian spirit (around neck)
Scrolls
 e - 3 scrolls of identify {unknown}
 g - a scroll of random uselessness {unknown}
 j - a scroll of teleportation {unknown}
 l - 4 scrolls of remove curse {unknown}
 s - a scroll of enchant weapon {unknown}
Potions
 f - a potion of flight
 o - a potion of brilliance {unknown}
Books
 b - a book of Conjurations

   Spells                             Type                      Level
   a - Magic Dart                     Conjuration                  1
   b - Searing Ray                    Conjuration                  2
   c - Dazzling Spray                 Conjuration/Hexes            3
   d - Fulminant Prism                Conjuration/Hexes            4
   e - Iskenderun's Mystic Blast      Conjuration                  4
   f - Iskenderun's Battlesphere      Conjuration/Charms           5
Comestibles
 c - 3 bread rations
 h - a meat ration
 p - 2 chunks of flesh
 r - a beef jerky


   Skills:
 + Level 2.7 Dodging
 + Level 2.5 Stealth
 + Level 3.1 Spellcasting
 + Level 5.4 Conjurations


You had 2 spell levels left.
You knew the following spells:

 Your Spells              Type           Power        Failure   Level  Hunger
a - Magic Dart            Conj           ###.         1%          1    None
b - Searing Ray           Conj           ###...       2%          2    ##.....
c - Dazzling Spray        Conj/Hex       ##......     14%         3    ###....


Dungeon Overview and Level Annotations

Branches:
Dungeon (2/15)

Altars:
Okawaru


Innate Abilities, Weirdness & Mutations

Your skin changes colour to match your surroundings (Stealth).


Message History

Aiming: Magic Dart
Press: ? - help, Shift-Dir - straight line, f/p - adder
Aim: an adder (severely wounded)
The magic dart hits the adder.
The adder is severely wounded.
* * * LOW HITPOINT WARNING * * *
You feel sick. The adder barely misses you.
Drink which item? (? for menu, Esc to quit)
It was a potion of flight.
You feel very buoyant.
You fly up into the air.
* * * LOW HITPOINT WARNING * * *
You feel sick. The adder bites you.
* * * LOW HITPOINT WARNING * * *
Drink which item? (? for menu, Esc to quit)
It was a potion of mutation.
You feel extremely strange.
Your skin functions as natural camouflage.
You feel robust.
You feel frail. The adder misses you. The adder bites you.
You die...

#. #..#..# #.#
#.....# #..##..#.##
.# #.......# ..
##.....## . ..
#.....# #..#.
#..)..#
#....#########....#
#...S@........#
.......########....#
.###### #....#
#....# ####.# #.#
#.# ###


You could see an adder.

Vanquished Creatures
  A worm (D:2)
  2 giant geckos (D:1)
  A bat (D:1)
  7 hobgoblins
  5 jackals (D:1)
  6 kobolds
  A ball python (D:2)
  5 goblins
  A quokka (D:2)
  2 rats
31 creatures vanquished.

Notes
Turn   | Place    | Note
--------------------------------------------------------------
     0 | D:1      | dvd the Deep Elf Conjurer began the quest for the Orb.
     0 | D:1      | Reached XP level 1. HP: 10/10 MP: 6/6
    82 | D:1      | Reached XP level 2. HP: 9/15 MP: 2/8
   235 | D:1      | Reached skill level 5 in Conjurations
   326 | D:1      | Learned a level 2 spell: Searing Ray
   487 | D:1      | Found an iron altar of Okawaru.
  1098 | D:1      | Reached XP level 3. HP: 15/19 MP: 4/9
  1292 | D:2      | Learned a level 3 spell: Dazzling Spray
  1316 | D:2      | Found a faded altar to an unknown god.
  1372 | D:2      | Gained mutation: Your skin changes colour to match your surroundings (Stealth). [potion of mutation]
  1372 | D:2      | Gained mutation: You are robust (+10% HP). [potion of mutation]
  1372 | D:2      | Lost mutation: You are robust (+10% HP). [potion of mutation]
  1372 | D:2      | Slain by an adder

Vault maps used:
D:1:      scummos_arrival_forest, okawaru_ov_weapons_minmay
D:2:      ecumenical_altar_1, uniq_robin, uniq_jessica

Action                   || total
-------------------------++-------
Melee: Falchion          ||     4
       Unarmed           ||     2
       Dagger            ||     4
 Cast: Magic Dart        ||    39
       Searing Ray       ||     6
  Use: Potion            ||     2
 Stab: Sleeping          ||     1
  Eat: Chunk             ||     1
